 Dungeon Crawl Stone Soup version 0.30-a0-743-gbfdf073431 (webtiles) character file.

Game seed: 11017155452108733755

273 dracfodder the Digger (level 6, -7/33 HPs)
             Began as a Gargoyle Earth Elementalist on Feb 6, 2023.
             Killed from afar by Sigmund (9 damage)
             ... with a magic dart
             ... on level 3 of the Dungeon.
             The game lasted 00:09:54 (2335 turns).

dracfodder the Digger (Gargoyle Earth Elementalist) Turns: 2335, Time: 00:09:55

Health: -7/33      AC:  8    Str: 12    XL:     6   Next: 23%
Magic:  9/11       EV: 11    Int: 17    God:
Gold:   166        SH:  0    Dex: 10    Spells: 2/12 levels left

rFire   + . .      SeeInvis .    b - +0 dagger (freeze)
rCold   . . .      Faith    .    (no shield)
rNeg    + . .      Spirit   .    l - +1 leather armour {rF+}
rPois   ∞          Reflect  .    (no helmet)
rElec   +          Harm     .    (no cloak)
rCorr   .          Rampage  .    (no gloves)
Will    .....                    (no boots)
Stlth   ++                       (no amulet)
HPRegen 0.25/turn                (no ring)
MPRegen 0.12/turn                (no ring)

@: hasted, very quick
A: sickness immunity, AC +4, negative energy resistance 1, electricity
resistance, torment resistance 1, petrification resistance
a: no special abilities


You were on level 3 of the Dungeon.
You visited 1 branch of the dungeon, and saw 3 of its levels.

You collected 166 gold pieces.

Inventory:

Hand Weapons
 a - a +0 sling
 b - a +0 dagger of freezing (weapon)
Armour
 d - a +0 robe
 l - a +1 leather armour of fire resistance (worn)
Scrolls
 g - 3 scrolls of immolation {unknown}
 i - 2 scrolls of identify {unknown}
 k - a scroll of teleportation {unknown}
 m - a scroll of blinking {unknown}
Potions
 c - 2 potions of curing {unknown}
 e - a potion of flight {unknown}
 f - 2 potions of haste
 h - a potion of lignification {unknown}
 j - a potion of mutation {unknown}


   Skills:
 + Level 0.8 Fighting
 + Level 2.2 Ranged Weapons
 + Level 1.7 Dodging
 + Level 2.9 Stealth
 + Level 3.5 Spellcasting
 + Level 0.8 Transmutations
 + Level 5.7 Earth Magic


You had 2 spell levels left.
You knew the following spells:

 Your Spells              Type           Power      Damage    Failure   Level
a - Sandblast             Erth           44%        2d11      1%          1
b - Passwall              Tmut/Erth      11%        N/A       9%          2
c - Stone Arrow           Conj/Erth      24%        3d8       19%         3
d - Petrify               Tmut/Erth      14%        N/A       47%         4

Your spell library contained the following spells:

 Spells                   Type           Power      Damage    Failure   Level


Dungeon Overview and Level Annotations

Branches:
Dungeon (3/15)

Altars:

Annotations:
D:3 Sigmund


Innate Abilities, Weirdness & Mutations

You are immune to sickness and miasma.
Your stone body is resilient. (AC +4)
You are immune to poison.
You resist negative energy. (rN+)
You are resistant to electric shocks. (rElec)
You are resistant to unholy torment.
You are immune to petrification.


Message History

Aim: a giant cockroach (83% to hit)
The blast of sand hits the giant cockroach!
You kill the giant cockroach!
Something hits you but does no damage.
Casting: Sandblast (safe; 1% risk of failure)
Confirm with . or Enter, or press ? or * to list all spells.
Aiming: Sandblast (safe; 1% risk of failure)
Press: ? - help, Shift-Dir - straight line You hear some strange, mumbled words.
Something tries to affect you, but you resist.
Something hits you.
Your +0 dagger of freezing glows with a cold blue light!
b - a +0 dagger of freezing (weapon)
Something hits you! Something hits you but does no damage.
You closely miss something. Something hits you.
You closely miss something. Something hits you but does no damage.
You hit something. You freeze something. Something hits you but does no damage.
You miss something. Something hits you!
You barely miss something. Something hits you.
Casting: Sandblast (safe; 1% risk of failure)
Confirm with . or Enter, or press ? or * to list all spells.
The spell is astonishingly dangerous to miscast (47% risk of failure)!
Continue anyway? [Y]es or [N]o only, please.
The spell is astonishingly dangerous to miscast (47% risk of failure)!
Continue anyway?
Okay, then.
You feel yourself speed up. Something hits you!
* * * LOW HITPOINT WARNING * * *
You closely miss something. You barely miss something. Something hits you.
* * * LOW HITPOINT WARNING * * *
You closely miss something. You miss something. Something hits you.
* * * LOW HITPOINT WARNING * * *
You hit something but do no damage. Something hits you but does no damage.
You closely miss something.
You hear some strange, mumbled words.
A magic dart appears from out of thin air!
The magic dart hits you!
You die...

##### #...#
####.#.###########
.................+
####.#.#######...#
....(#.### #.#.#.....#
.....#...# #.#)#....(
....####.# #.#.#.B..
......<#.# #.#@#.?.
.....#...# #.#{#{.
.......### #.#.#.### ..
.......#######.#†#...#....
............##.#...#.#....
............##.###........
####........##.#...#.####
#........##.###.#.#
#........##.......#


There were no monsters in sight!

Vanquished Creatures
  Grinder (D:3)
  An adder (D:3)
  A dart slug (D:1)
  11 orcs (D:3)
  4 bats
  7 endoplasms
  2 giant cockroaches (D:3)
  2 goblins
  2 hobgoblins
  3 jackals (D:1)
  6 kobolds
  3 quokkas
  5 ball pythons
  3 frilled lizards
  4 rats
55 creatures vanquished.

Notes
Turn   | Place    | Note
-------+----------+-------------------------------------------
     0 | D:1      | dracfodder the Gargoyle Earth Elementalist began the quest
                  | for the Orb.
     0 | D:1      | Reached XP level 1. HP: 10/10 MP: 3/3
   146 | D:1      | Reached XP level 2. HP: 15/15 MP: 1/5
   244 | D:1      | Reached skill level 4 in Earth Magic
   492 | D:1      | Learned a level 2 spell: Passwall
   957 | D:1      | Reached XP level 3. HP: 19/19 MP: 4/6
  1719 | D:3      | Noticed Grinder
  1722 | D:3      | Paralysed by Grinder for 4 turns
  1733 | D:3      | Paralysed by Grinder for 5 turns
  1738 | D:3      | Killed Grinder
  1739 | D:3      | Reached skill level 1 in Ranged Weapons
  1739 | D:3      | Reached skill level 5 in Earth Magic
  1739 | D:3      | Reached XP level 4. HP: 11/24 MP: 6/9
  1739 | D:3      | Reached XP level 5. HP: 13/28 MP: 6/10
  1739 | D:3      | Reached XP level 6. HP: 16/33 MP: 6/11
  1743 | D:3      | Learned a level 3 spell: Stone Arrow
  1748 | D:3      | Learned a level 4 spell: Petrify
  1875 | D:3      | Noticed Sigmund
  2335 | D:3      | Killed from afar by Sigmund

Illustrated notes

Levels and vault maps discovered:
D:1:      minmay_arrival_doors, layout_basic, bh_walls_and_bars
D:2:      layout_basic, kennysheep_generic_room_10
D:3:      layout_basic, uniq_sigmund, uniq_grinder

Skill      XL: |  1  2  3  4  5  6 |
---------------+-------------------+-----
Earth Magic    | 4 5 |  5.7
Ranged Weapons | 1 2 |  2.2
Spellcasting   | 3 |  3.5
Fighting       | |  0.8
Dodging        | |  1.7
Stealth        | |  2.9
Transmutations | |  0.8

Action                     |  1- 3 |  4- 6 || total
---------------------------+-------+-------++-------
  Melee: Dagger            |     8 |    11 ||    19
   Fire: Sling             |    13 |    32 ||    45
   Cast: Sandblast         |    39 |    36 ||    75
    Use: Scroll            |     3 |       ||     3
         Potion            |     1 |     1 ||     2
 Armour: Robe              |     5 |    14 ||    19
         Leather armour    |       |     9 ||     9
  Dodge: Dodged            |    19 |    22 ||    41

Table legend: (Time is in decaauts)
 A = Elapsed time spent in this place.
 B = Non-inter-level travel time spent in this place.
 C = Inter-level travel time spent in this place.
 D = Time resting spent in this place.
 E = Time spent auto-exploring this place.
 F = Levels seen in this place.
 G = Mean time per level.
                   A        B        C        D        E       F      G
               +--------+--------+--------+--------+--------+-----+--------+
         Total |   2383 |   2361 |     22 |    247 |   1643 |   3 |  794.3 |
       Dungeon |   2383 |   2361 |     22 |    247 |   1643 |   3 |  794.3 |
               +--------+--------+--------+--------+--------+-----+--------+

Top non-repeatable levels by time:
     D:1: 1004 daAuts
     D:2: 732 daAuts
     D:3: 646 daAuts
